 Dungeon Crawl Stone Soup version 0.29.1-1-gd02db69 (webtiles) character file.

Game seed: 14291208897119606938

922 Kel the Covered (level 8, 0/52 HPs)
             Began as a Gargoyle Fighter on Nov 23, 2022.
             Was an Initiate of Gozag.
             Slain by a gnoll sergeant
             ... wielding a +2 trident of freezing
              (6 damage)
             ... on level 6 of the Dungeon.
             The game lasted 00:08:35 (4895 turns).

Kel the Covered (Gargoyle Fighter)                  Turns: 4895, Time: 00:08:36

Health: 0/52       AC: 24    Str: 29    XL:     8   Next: 10%
Magic:  8/8        EV:  5    Int:  9    God:    Gozag
Gold:   358        SH: 12    Dex: 11    Spells: 7/7 levels left

rFire   . . .      SeeInvis .   D - +8 long sword "Lifebane" {protect, Str+3}
rCold   . . .      Faith    +   x - +0 tower shield
rNeg    + . .      Spirit   .   f - +0 chain mail
rPois   ∞          Reflect  .   g - +0 helmet
rElec   +          Harm     .   (no cloak)
rCorr   .          Rampage  .   (no gloves)
Will    .....                   (no boots)
Stlth   ..........              p - amulet of faith
HPRegen 0.17/turn               m - ring of wizardry
MPRegen 0.11/turn               t - +6 ring of strength

@: under a protective aura
A: sickness immunity, AC +5, negative energy resistance 1, electricity
resistance, torment resistance 1, petrification resistance
a: Renounce Religion, Potion Petition, Call Merchant, Bribe Branch


You were on level 6 of the Dungeon.
You worshipped Gozag.
Gozag was aware of your devotion.
You visited 2 branches of the dungeon, and saw 7 of its levels.

You collected 453 gold pieces.
You paid 95 gold pieces to Gozag.

Inventory:

Hand Weapons
 a - a +0 war axe
 D - the +8 long sword "Lifebane" (weapon) {protect, Str+3}
   (You found it on level 5 of the Dungeon)

   It grants its wielder temporary protection when it strikes (+7 to AC).
   Str:       It affects your strength (+3).
Armour
 f - a +0 chain mail (worn)
 g - a +0 helmet (worn)
 x - a +0 tower shield (worn)
Jewellery
 m - a ring of wizardry (left hand)
 p - an amulet of faith (around neck)
 t - a +6 ring of strength (right hand)
 v - a ring of protection from fire
 y - a ring of flight
Wands
 A - a wand of mindburst (4)
Scrolls
 c - a scroll of enchant weapon {unknown}
 h - 4 scrolls of identify {unknown}
 i - 2 scrolls of enchant armour {unknown}
 n - a scroll of poison {unknown}
 o - a scroll of butterflies {unknown}
 q - a scroll of amnesia {unknown}
 s - a scroll of brand weapon {unknown}
 u - 3 scrolls of noise {unknown}
 w - a scroll of silence {unknown}
 z - a scroll of torment {unknown}
 C - a scroll of blinking {unknown}
Potions
 b - a potion of invisibility {unknown}
 d - 2 potions of might
 e - a potion of heal wounds {unknown}
 j - a potion of resistance {unknown}
 k - 2 potions of lignification {unknown}
 l - a potion of degeneration {unknown}
 r - 3 potions of haste {unknown}
 B - a potion of cancellation {unknown}
 E - a potion of brilliance {unknown}


   Skills:
 + Level 6.3 Fighting
 + Level 4.8 Axes
 + Level 6.3 Armour
 - Level 4.3 Shields


You had 7 spell levels left.
You didn't know any spells.
Your spell library contained the following spells:

 Spells                   Type           Power      Damage    Failure   Level
 Apportation              Tloc           0%         N/A       100%        1
 Necrotise                Necr           0%         1d4       100%        1
 Summon Small Mammal      Summ           0%         N/A       100%        1
 Petrify                  Tmut/Erth      0%         N/A       100%        4
 Alistair's Intoxication  Tmut/Pois      0%         N/A       100%        5
 Metabolic Englaciation   Hex/Ice        0%         N/A       100%        5
 Dispersal                Tloc           0%         N/A       100%        6
 Disjunction              Tloc           0%         N/A       100%        8
 Statue Form              Tmut/Erth      Unusable   N/A       N/A         6

Dungeon Overview and Level Annotations

Branches:
Dungeon (6/15)             Temple (1/1) D:5

Altars:
Ashenzari
Elyvilon
Gozag
Hepliaklqana
Kikubaaqudgha
Makhleb
Nemelex Xobeh
Ru
Sif Muna
Trog
Uskayaw
Wu Jian
Xom
Yredelemnul
Zin
The Shining One

Shops:
D:1 *


Innate Abilities, Weirdness & Mutations

You are immune to sickness and miasma.
Your stone body is resilient. (AC +5)
You are immune to poison.
You resist negative energy. (rN+)
You are resistant to electric shocks. (rElec)
You are resistant to unholy torment.
You are immune to petrification.


Message History

The gnoll sergeant freezes you. The gnoll sergeant blocks your attack.
You block the gnoll sergeant's attack. The gnoll hits you but does no damage.
You block the gnoll sergeant's attack. The gnoll hits you but does no damage.
You hit the gnoll sergeant but do no damage.
Your weapon exudes an aura of protection.
You block the gnoll sergeant's attack. The gnoll hits you but does no damage.
You hit the gnoll sergeant but do no damage.
You block the gnoll sergeant's attack.
The gnoll hits you but does no damage. x2
The gnoll sergeant barely misses you.
You slash the gnoll sergeant!
The gnoll sergeant is moderately wounded.
You block the gnoll sergeant's attack. You block the gnoll's attack.
You block the gnoll sergeant's attack.
The gnoll hits you from afar with a +0 spear!
You closely miss the gnoll sergeant.
The gnoll sergeant is moderately wounded.
You block the gnoll sergeant's attack. You block the gnoll's attack.
The gnoll hits you from afar with a +0 spear.
The gnoll sergeant hits you but does no damage.
You barely miss the gnoll sergeant.
The gnoll sergeant is moderately wounded.
The gnoll sergeant hits you with a +2 trident of freezing.
The gnoll sergeant freezes you.
The gnoll hits you from afar with a +0 spear. x2
You block the gnoll sergeant's attack.
You hit the gnoll sergeant.
Your weapon exudes an aura of protection.
The gnoll sergeant is moderately wounded.
You block the gnoll sergeant's attack. You block the gnoll's attack.
You hit the gnoll sergeant.
The gnoll sergeant is heavily wounded.
The gnoll sergeant hits you with a +2 trident of freezing!
* * * LOW HITPOINT WARNING * * *
The gnoll sergeant freezes you.
* * * LOW HITPOINT WARNING * * *
You block the gnoll's attack. The gnoll hits you but does no damage.
The gnoll sergeant hits you with a +2 trident of freezing.
You die...
Your body crumbles into a pile of gold.

# #. #.###..#
#.##.####......$
...g.........>###.#
........#.##......# #####
#....#.##..#### #<..#
#.##....#.#.....g########.###
.........gg....ggg..........#
################g##.#########
#@##.# #.##.#######
#......[...# ####.#####.# #.#
#.# #.# #.# #.# #.# #.# #.#
#.# #.#


You could see a gnoll sergeant and 4 gnolls.

Vanquished Creatures
  A sky beast (D:4)
  A black bear (D:4)
  An orc warrior (D:6)
  A bullfrog (D:4)
  A jelly (D:4)
  An orc priest (D:5)
  6 hounds
  Terence (D:2)
  An iguana (D:5)
  3 orc wizards
  6 adders
  3 gnolls (D:3)
  A white imp (D:5)
  2 worms
  6 dart slugs
  21 orcs
  An endoplasm (D:3)
  3 giant cockroaches
  6 hobgoblins
  12 jackals
  7 kobolds
  4 quokkas
  9 ball pythons
  4 bats
  2 frilled lizards
  8 goblins
  5 rats
117 creatures vanquished.

Notes
Turn   | Place    | Note
-------+----------+-------------------------------------------
     0 | D:1      | Kel the Gargoyle Fighter began the quest for the Orb.
     0 | D:1      | Reached XP level 1. HP: 14/14 MP: 1/1
   219 | D:1      | Reached XP level 2. HP: 15/19 MP: 2/2
   469 | D:1      | Found Fileitz's Assorted Antiques.
   834 | D:2      | Found a burning altar of Makhleb.
   848 | D:2      | Reached XP level 3. HP: 23/23 MP: 3/3
   864 | D:2      | You fall into a shaft and drop 2 floors!
   874 | D:4      | Noticed a sky beast
   911 | D:4      | Killed a sky beast
   912 | D:4      | Reached XP level 4. HP: 15/29 MP: 4/4
   912 | D:4      | Reached XP level 5. HP: 17/33 MP: 5/5
  1073 | D:3      | Found a hide-covered altar of Uskayaw.
  1145 | D:3      | Found a hazy altar of Hepliaklqana.
  1147 | D:3      | Found a faded altar of an unknown god.
  2105 | D:3      | Noticed Terence
  2122 | D:2      | Killed Terence
  2283 | D:3      | Reached XP level 6. HP: 23/39 MP: 6/6
  2788 | D:4      | Reached skill level 5 in Fighting
  2788 | D:4      | Reached skill level 5 in Armour
  3061 | D:4      | Reached XP level 7. HP: 40/44 MP: 7/7
  3530 | D:5      | Entered Level 5 of the Dungeon
  3650 | D:5      | Found a staircase to the Ecumenical Temple.
  3781 | Temple   | Entered the Ecumenical Temple
  3826 | Temple   | Became a worshipper of Gozag Ym Sagoz the Greedy
  4013 | D:5      | Found a burning altar of Makhleb.
  4306 | D:5      | Identified the +8 long sword "Lifebane" {protect, Str+3}
  4653 | D:6      | Identified the +1 scale mail of a Billion Cities {Dex+4}
  4710 | D:6      | Reached XP level 8. HP: 27/52 MP: 8/8
  4895 | D:6      | Slain by a gnoll sergeant

Illustrated notes

Levels and vault maps discovered:
D:1:      ncdulo_smallfort, layout_rooms, serial_shops, shop
D:2:      layout_rooms, basic_altar, minmay_distorted
D:3:      layout_basic, mainiacjoe_overflow_six_doors_small,
          beargit_hepliaklqana_dungeon_heroes, uniq_terence
D:4:      layout_cave_pools, serial_rivers, chequers_serial_rivers_micro_a,
          chequers_serial_rivers_micro_d, chequers_serial_rivers_large_b,
          chequers_serial_rivers_micro_c, chequers_serial_rivers_micro_e,
          chequers_serial_rivers_small_a, chequers_arboretum
D:5:      layout_loops_ring, mainiacjoe_overflow_catwalk,
          minmay_temple_entry_ruins, grunt_tough_drop
D:6:      old_forge, layout_basic, nicolae_dithmenos_shadow_blocks,
          nicolae_qazlal_scattered_showers, uniq_blork_the_orc, uniq_maggie
Temple:   nicolae_temple_god_jail

Skill      XL: |  1  2  3  4  5  6  7 |
---------------+----------------------+-----
Axes           | 2 3 4 |  4.8
Fighting       | 4 5 6 |  6.3
Armour         | 4 5 6 |  6.3
Shields        | 4 |  4.3

Action                   |  1- 3 |  4- 6 |  7- 9 || total
-------------------------+-------+-------+-------++-------
Melee: War axe           |    81 |   185 |    65 ||   331
       Long sword        |       |       |    45 ||    45
Armor: Scale mail        |    11 |       |       ||    11
       Chain mail        |    57 |   152 |    97 ||   306
Dodge: Dodged            |    32 |    79 |    33 ||   144
Block: Buckler           |    26 |    35 |       ||    61
       Tower shield      |       |    28 |   122 ||   150
